 Dungeon Crawl Stone Soup version 0.23.2-33-g5129a83184 (webtiles) character file.

Game seed: 17661054454203197366

671 Derp the Cudgeler (level 7, -3/61 HPs)
             Began as a White Draconian Berserker on July 21, 2019.
             Was a Priest of Trog.
             Slain by a scorpion (5 damage)
             ... on level 5 of the Dungeon.
             The game lasted 00:09:48 (4467 turns).

Derp the Cudgeler (White Draconian Berserker)       Turns: 4467, Time: 00:09:49

Health: -3/61      AC:  6    Str: 21    XL:     7   Next: 32%
Magic:  7/7        EV:  9    Int:  8    God:    Trog [***...]
Gold:   190        SH: 13    Dex: 10    Spells: 6/6 levels left

rFire    + . .     SeeInvis .   a - +0 mace
rCold    + . .     Gourm    .   t - +0 large shield
rNeg     . . .     Faith    .   (armour unavailable)
rPois    .         Spirit   .   (helmet restricted)
rElec    .         Reflect  .   (no cloak)
rCorr    .         Harm     .   (no gloves)
MR       ++...                  (no boots)
Stlth    +++.......             (no amulet)
HPRegen  1.20/turn              m - ring of stealth
MPRegen  0.10/turn              j - ring of protection from fire

@: lethally poisoned (-3 -> -4), berserk cooldown, regenerating, slowed, very
slow
A: breathe frost, unfitting armour, cold resistance 1, cold-blooded, AC +6
a: Breathe Frost, Berserk, Trog's Hand, Renounce Religion


You were on level 5 of the Dungeon.
You worshipped Trog.
Trog was most pleased with you.
You were hungry.

You visited 1 branch of the dungeon, and saw 5 of its levels.

You collected 190 gold pieces.

Inventory:

Hand Weapons
 a - a +0 mace (weapon)
Armour
 t - a +0 large shield (worn)
Jewellery
 f - an uncursed ring of wizardry
 j - a ring of protection from fire (right hand)
 m - a ring of stealth (left hand)
 z - an uncursed ring of resist corrosion {unknown}
Scrolls
 c - 4 scrolls of identify {unknown}
 d - a scroll of magic mapping {unknown}
 e - a scroll of immolation {unknown}
 g - a scroll of remove curse {unknown}
 h - 2 scrolls of teleportation {unknown}
 l - 2 scrolls of fog {unknown}
 o - 2 scrolls of enchant armour {unknown}
 p - a scroll of enchant weapon {unknown}
 s - 2 scrolls of blinking {unknown}
 u - 2 scrolls of amnesia {unknown}
 y - a scroll of random uselessness {unknown}
Potions
 i - 2 potions of cancellation {unknown}
 k - 2 potions of degeneration {unknown}
 n - a potion of resistance {unknown}
 q - a potion of haste {unknown}
 r - 2 potions of agility {unknown}
 v - a potion of curing
 w - a potion of brilliance {unknown}
 x - a potion of mutation {unknown}
Comestibles
 b - 14 rations


   Skills:
 + Level 5.0 Fighting
 + Level 5.7 Maces & Flails
 + Level 4.1 Dodging
 + Level 2.0 Stealth
 + Level 3.0 Shields


You had 6 spell levels left.
You didn't know any spells.
Your spell library was empty.

Dungeon Overview and Level Annotations

Branches:
Dungeon (4/15)             Temple (0/1) D:4

Altars:
Fedhas
Gozag
Ru
Vehumet


Innate Abilities, Weirdness & Mutations

You can breathe waves of freezing cold.
You can buffet flying creatures when you breathe cold.
Your icy white scales are hard. (AC +6)
You cannot fit into any form of body armour.
Your flesh is cold resistant. (rC+)
You are cold-blooded and may be slowed by cold attacks.


Message History

The scorpion is moderately wounded.
You feel sick. You block the scorpion's attack. The scorpion stings you.
* * * LOW HITPOINT WARNING * * *
You hit the scorpion.
The scorpion is heavily wounded.
You feel very sick. You block the scorpion's attack. x2
You closely miss the scorpion.
The scorpion is heavily wounded.
Your skin stops crawling.
You feel less resistant to hostile enchantments.
* * * LOW HITPOINT WARNING * * *
You feel sick. You block the scorpion's attack.
Your skin crawls.
You feel resistant to hostile enchantments.
You are feeling hungry.
* * * LOW HITPOINT WARNING * * *
You feel sick. You block the scorpion's attack. x2
You feel sick. The scorpion stings you.
You die...

## #.# ####%.##
##########......#
...............#
.....8..†......#
........%.....#
###.######@..##
.####...s..###.
#................
#####....<..)....
##...........
#............
##...##......
##### ######


You could see a scorpion.

Vanquished Creatures
  Menkaure (D:4)
  Duvessa (D:4)
  Dowan (D:4)
  A scorpion (D:5)
  2 orc priests (D:3)
  2 orc wizards (D:3)
  2 worker ants (D:4)
  6 adders
  An ooze (D:3)
  3 worms
  4 dart slugs
  3 leopard geckos
  12 orcs
  8 bats
  6 giant cockroaches
  10 goblins
  9 hobgoblins
  4 jackals (D:1)
  6 kobolds
  A quokka (D:2)
  10 frilled lizards
  A leopard gecko skeleton (D:4)
  8 rats
102 creatures vanquished.

Notes
Turn   | Place    | Note
-------+----------+-------------------------------------------
     0 | D:1      | Derp the Draconian Berserker began the quest for the Orb.
     0 | D:1      | Reached XP level 1. HP: 19/19 MP: 1/1
   143 | D:1      | Reached XP level 2. HP: 21/26 MP: 2/2
   388 | D:1      | Reached ** piety under Trog
   481 | D:1      | Reached XP level 3. HP: 33/33 MP: 3/3
  1064 | D:2      | Reached XP level 4. HP: 33/40 MP: 4/4
  1950 | D:2      | Found a blossoming altar of Fedhas.
  2042 | D:3      | Found a faded altar of an unknown god.
  2120 | D:3      | Reached *** piety under Trog
  2200 | D:3      | Found a radiant altar of Vehumet.
  2200 | D:3      | Found an opulent altar of Gozag.
  2473 | D:3      | Reached XP level 5. HP: 27/46 MP: 5/5
  2481 | D:3      | HP: 2/46 [orc priest/+0 club (6)]
  2538 | D:3      | Reached skill level 1 in Stealth
  2999 | D:3      | Found a sacrificial altar of Ru.
  3207 | D:4      | Found a staircase to the Ecumenical Temple.
  3228 | D:4      | Reached skill level 5 in Maces & Flails
  3228 | D:4      | Reached skill level 1 in Shields
  3267 | D:3      | Reached XP level 6. HP: 9/53 MP: 6/6
  3671 | D:4      | Noticed Menkaure
  3684 | D:4      | Killed Menkaure
  4013 | D:4      | Noticed Dowan
  4014 | D:4      | Noticed Duvessa
  4030 | D:4      | Killed Duvessa
  4030 | D:4      | Your scales start taking on an icy white colour.
  4030 | D:4      | Reached XP level 7. HP: 26/60 MP: 7/7
  4030 | D:4      | Gained mutation: Your flesh is cold resistant. (rC+) [White
                  | Draconian growth]
  4050 | D:4      | Killed Dowan
  4059 | D:4      | Reached skill level 5 in Fighting
  4436 | D:4      | You fall through a shaft!
  4436 | D:5      | Entered Level 5 of the Dungeon
  4463 | D:5      | HP: 3/61 [scorpion (5)]
  4465 | D:5      | HP: 1/61 [poisoned by a scorpion]
  4467 | D:5      | Slain by a scorpion

Skill      XL: |  1  2  3  4  5  6  7 |
---------------+----------------------+-----
Dodging        | 3 4 |  4.1
Maces & Flails | 4 5 |  5.7
Fighting       | 4 5 |  5.0
Stealth        | 1 2 |  2.0
Shields        | 1 2 3 |  3.0

Action                   |  1- 3 |  4- 6 |  7- 9 || total
-------------------------+-------+-------+-------++-------
Melee: Mace              |   114 |   236 |    38 ||   388
       Tailslap          |     8 |    22 |     9 ||    39
Invok: Trog's Hand       |       |       |     3 ||     3
       Berserk           |       |       |     2 ||     2
 Abil: Breathe Frost     |       |       |     1 ||     1
  Use: Potion            |       |     4 |       ||     4
 Stab: Sleeping          |       |     6 |     1 ||     7
  Eat: Chunk             |       |    10 |     4 ||    14
Armor: Skin              |    33 |    63 |     7 ||   103
Dodge: Dodged            |    81 |    85 |    10 ||   176
Block: Large shield      |       |   107 |    37 ||   144
